 Dungeon Crawl Stone Soup version 0.20.1-1-g8b1a95d (webtiles) character file.

345 JeffiDaFish the Stinger (level 6, -1/36 HPs)
             Began as a Gargoyle Venom Mage on July 15, 2017.
             Killed by divine providence
             ... invoked by an orc priest
              (12 damage)
             ... on level 4 of the Dungeon.
             The game lasted 00:19:43 (4250 turns).

JeffiDaFish the Stinger (Gargoyle Venom Mage)       Turns: 4250, Time: 00:19:43

Health: -1/36      AC: 11    Str: 11    XL:     6   Next: 58%
Magic:  3/10       EV: 12    Int: 17    God:
Gold:   150        SH:  4    Dex: 11    Spells: 5/11 levels left

rFire    . . .     SeeInvis .   q - +1 short sword (speed)
rCold    . . .     Gourm    .   a - +0 buckler
rNeg     + . .     Faith    .   h - +0 ring mail
rPois    ∞         Spirit   .   k - +1 helmet
rElec    +         Reflect  .   (no cloak)
rCorr    +         Harm     .   (no gloves)
MR       .....                  (no boots)
Stlth    +++.......             (no amulet)
Regen    0.2/turn               f - ring of resist corrosion
MPRegen  0.2/turn               j - ring of stealth

@: slowed, very slow
A: repulsion field 1, camouflage 1, negative energy resistance 1, robust 1,
electricity resistance, unbreathing, petrification resistance, rot immunity, AC
+4
a: no special abilities


You were on level 4 of the Dungeon.
You were not hungry.

You visited 1 branch of the dungeon, and saw 4 of its levels.

You collected 150 gold pieces.

Inventory:

Hand Weapons
 q - a +1 short sword of speed (weapon)
Armour
 a - a +0 buckler (worn)
 h - a +0 ring mail (worn)
 k - a +1 helmet (worn)
Jewellery
 f - a ring of resist corrosion (left hand)
 j - a ring of stealth (right hand)
Scrolls
 d - a scroll of teleportation
 l - 5 scrolls of identify
 o - a scroll of remove curse
Potions
 p - a potion of cancellation
Books
 b - a Young Poisoner's Handbook

   Spells                             Type                      Level
   a - Sting                          Conjuration/Poison           1
   b - Poisonous Vapours              Poison/Air                   2
   c - Mephitic Cloud                 Conjuration/Poison/Air       3
   d - Olgreb's Toxic Radiance        Poison                       4
   e - Venom Bolt                     Conjuration/Poison           5
Comestibles
 c - 2 bread rations
 g - a royal jelly
 m - a meat ration


   Skills:
 - Level 0.7 Fighting
   Level 0.8 Maces & Flails
 - Level 1.9 Dodging
 - Level 2.5 Stealth
 * Level 3.3 Shields
 + Level 3.0 Spellcasting
 + Level 2.5 Conjurations
 + Level 1.2 Air Magic
 + Level 4.3 Poison Magic


You had 5 spell levels left.
You knew the following spells:

 Your Spells              Type           Power        Failure   Level  Hunger
a - Sting                 Conj/Pois      ##..         12%         1    None
b - Poisonous Vapours     Pois/Air       ##....       22%         2    ##.....
c - Mephitic Cloud        Conj/Pois/Air  ##......     43%         3    ###....


Dungeon Overview and Level Annotations

Branches:
Dungeon (4/15)
 Temple: D:4-7

Altars:
Xom

Annotations:
D:3 JohnnyMnemonic's ghost, amateur NaVM


Innate Abilities, Weirdness & Mutations

You are resistant to torment.
Your stone body is resilient. (AC +4)
You are immune to poison.
You resist negative energy. (rN+)
You are resistant to electric shocks. (rElec)
You can survive without breathing.
You are immune to petrification.
You are immune to rotting.
You are surrounded by a mild repulsion field. (EV +2)
Your skin changes colour to match your surroundings (Stealth+).
You are robust. (+10% HP)


Message History

The orc warrior appears confused.
The orc warrior is engulfed in noxious fumes.
The orc warrior appears confused.
You barely miss the orc warrior.
The orc warrior is lightly wounded.
The orc warrior is engulfed in noxious fumes.
The orc warrior appears confused.
A scorpion comes into view.
The orc warrior closely misses the scorpion.
A worker ant comes into view.
Casting: Mephitic Cloud
Confirm with . or Enter, or press ? or * to list all spells.
You don't have enough magic to cast that spell.
The scorpion stings you but does no damage. x2
The scorpion stings you.
Found 5 gold pieces.
The scorpion barely misses you. The scorpion closely misses you.
The orc priest mumbles some strange prayers to Beogh against you.
Beogh smites you!
You die...

*,,,,,,,** *,,,,,,,,,,** #..#
,,,,,,,,,* #.....>....,*** #..#
,,,,,,,,,*****..........,,,**##.#
,,,,,,,,,,,,**...........,,,* #.#
,,,,,,,,,.#.**#............,* #..
,,,,,,,,,,..**#.......$.....###..
,,,,,,,,,,,..**............#.....
,,,,,,,*####.#*#.................
,,,,,,,*...#..##@..#####.....#...
,,,,,,,,#.$.#o.#s.##.o.##.###....
,,,,,,,*,,,#...#.##.....##**#....
,,,,,,,*####.....#.......#*#.....
,,,,,,,,.......[....._...##......
,,,,,,,,........##.......##......
**,,,,,,...^....###.....##.......
**,,,,,,......o.####...###......<
****,,,,......#..########........


You could see a scorpion and an orc priest.

Vanquished Creatures
  A scorpion (D:4)
  An orc priest (D:4)
  An orc wizard (D:4)
  Natasha (D:2)
  Robin (D:2)
  8 adders
  An ooze (D:1)
  5 worms
  2 dart slugs
  4 leopard geckos
  10 bats
  9 giant cockroaches
  12 hobgoblins
  10 jackals
  7 kobolds
  2 quokkas (D:2)
  A ball python (D:1)
  3 frilled lizards
  15 goblins
  9 rats
103 creatures vanquished.

Notes
Turn   | Place    | Note
-------+----------+-------------------------------------------
     0 | D:1      | JeffiDaFish the Gargoyle Venom Mage began the quest for the Orb.
     0 | D:1      | Reached XP level 1. HP: 10/10 MP: 3/3
   345 | D:1      | Reached XP level 2. HP: 14/15 MP: 3/5
   468 | D:1      | Learned a level 2 spell: Poisonous Vapours
   496 | D:1      | Gained mutation: You are robust. (+10% HP) [potion of mutation]
   496 | D:1      | Gained mutation: Your skin changes colour to match your surroundings (Stealth+). [potion of mutation]
   496 | D:1      | Gained mutation: You are surrounded by a mild repulsion field. (EV +2) [potion of mutation]
   533 | D:1      | Reached XP level 3. HP: 7/20 MP: 0/6
  1609 | D:2      | Reached XP level 4. HP: 26/26 MP: 2/7
  1750 | D:2      | Noticed Robin
  1804 | D:2      | Learned a level 3 spell: Mephitic Cloud
  1992 | D:2      | Killed Robin
  1992 | D:2      | Reached skill level 1 in Shields
  2073 | D:2      | Reached XP level 5. HP: 26/30 MP: 6/8
  2189 | D:2      | Reached skill level 4 in Poison Magic
  2365 | D:2      | Noticed Natasha
  2373 | D:2      | Killed Natasha
  2712 | D:3      | Reached skill level 1 in Air Magic
  2930 | D:3      | Noticed JohnnyMnemonic's ghost (amateur NaVM)
  3881 | D:4      | Reached XP level 6. HP: 36/36 MP: 5/10
  4194 | D:4      | Noticed an orc warrior
  4231 | D:4      | Found a shimmering altar of Xom.
  4250 | D:4      | Killed from afar by an orc priest

Skill      XL: |  1  2  3  4  5  6 |
---------------+-------------------+-----
Shields        | 1 3 |  3.3
Poison Magic   | 4 |  4.3
Air Magic      | 1 |  1.2
Conjurations   | 2 |  2.5
Spellcasting   | 3 |  3.0
Fighting       | |  0.7
Maces & Flails | |  0.8
Dodging        | |  1.9
Stealth        | |  2.5

Action                   |  1- 3 |  4- 6 || total
-------------------------+-------+-------++-------
Melee: Unarmed           |    30 |       ||    30
       Mace              |    48 |   156 ||   204
       Short sword       |       |    62 ||    62
 Cast: Sting             |    20 |    18 ||    38
       Poisonous Vapours |    16 |    24 ||    40
       Mephitic Cloud    |       |     5 ||     5
  Use: Scroll            |     4 |     5 ||     9
       Potion            |     4 |     2 ||     6
 Stab: Sleeping          |     1 |     7 ||     8
       Confused          |       |     1 ||     1
  Eat: Chunk             |     4 |    11 ||    15
Armor: Robe              |    28 |       ||    28
       Ring mail         |    14 |    83 ||    97
Dodge: Dodged            |    81 |   130 ||   211
Block: Buckler           |       |    33 ||    33
